 Dungeon Crawl Stone Soup version 0.27-a0-732-ga892ba84f6 (webtiles) character file.

Game seed: 6226501996338903387

243 Lanoc the Slasher (level 6, -3/47 HPs)
             Began as a Djinni Delver on Mar 23, 2021.
             Slain by an orc priest
             ... wielding a +0 hand axe
              (5 damage)
             ... on level 3 of the Dungeon.
             The game lasted 00:06:12 (4496 turns).

Lanoc the Slasher (Djinni Delver)                   Turns: 4496, Time: 00:06:12

Health: -3/47      AC:  3    Str: 11    XL:     6   Next: 9%
Magic:  0/0        EV: 13    Int: 12    God:
Gold:   166        SH:  0    Dex: 16    Spells: 2/5 levels left

rFire    + + .     SeeInvis .   a - +0 falchion
rCold    x . .     Faith    +   (no shield)
rNeg     . . .     Spirit   .   b - +0 leather armour
rPois    ∞         Reflect  .   (no helmet)
rElec    .         Harm     .   (no cloak)
rCorr    .         Rampage  .   (no gloves)
Will     .....                  (boots unavailable)
Stlth    ++........             n - amulet of faith
HPRegen  0.15/turn              (no ring)
MPRegen  0.00/turn              (no ring)

@: attractive, flying, very slightly contaminated
A: fire resistance 2, cold vulnerability 1, float, innate caster, hp casting,
extra vitality 1
a: no special abilities


You were on level 3 of the Dungeon.
You visited 1 branch of the dungeon, and saw 5 of its levels.

You collected 166 gold pieces.

Inventory:

Hand Weapons
 a - a +0 falchion (weapon)
Missiles
 l - 40 sling bullets
Armour
 b - a +0 leather armour (worn)
Jewellery
 n - an amulet of faith (around neck)
Wands
 g - a wand of digging (2)
 h - a wand of charming (8)
Scrolls
 c - a scroll of fog
 d - 3 scrolls of magic mapping
 e - 3 scrolls of fear
 j - 3 scrolls of amnesia {unknown}
 k - a scroll of enchant armour {unknown}
 m - a scroll of identify {unknown}
Potions
 f - 2 potions of haste
 i - a potion of attraction
 o - a potion of flight


   Skills:
 + Level 4.1 Fighting
 * Level 4.5 Long Blades
 + Level 3.8 Dodging
 - Level 4.1 Stealth


You had 2 spell levels left.
You knew the following spells:

 Your Spells              Type           Power      Damage    Failure   Level
a - Corona                Hex            0%         N/A       41%         1
b - Searing Ray           Conj           0%         3d3       54%         2
Your spell library was empty.

Dungeon Overview and Level Annotations

Branches:
Dungeon (5/15)
 Temple: D:4-7

Altars:
Dithmenos
Elyvilon
Yredelemnul
Zin

Shops:
D:1 [


Innate Abilities, Weirdness & Mutations

You are immune to poison.
Your flesh is very heat resistant. (rF++)
You are vulnerable to cold. (rC-)
You float through the air rather than walking.
You learn spells naturally, not from books.
Your magical power is your life essence.
You have superior vitality. (+4 HP)


Message History

Aiming: Searing Ray (dangerous; 54% risk of failure)
Press: ? - help, Shift-Dir - straight line, f/p - orc priest
Aim: an orc priest, wielding a +0 hand axe and wearing a +0 leather armour (lightly wounded, 26% to evade)
The searing ray hits the orc priest.
The orc priest is moderately wounded. (Press . to maintain the ray.)
The orc priest calls down the wrath of Beogh upon you.
Beogh smites you!
The searing ray hits the orc priest.
The orc priest is heavily wounded.
The orc priest calls down the wrath of Beogh upon you.
Pain shoots through your body!
The searing ray hits the orc priest but does no damage.
The orc priest is heavily wounded.
The orc priest looks encouraged for a moment.
The dart slug bites you but does no damage.
The searing ray hits the orc priest.
The orc priest is severely wounded.
You finish channeling your searing ray.
The orc priest closely misses you. The dart slug closely misses you.
You riposte.
You hit the dart slug.
The dart slug is heavily wounded.
The orc priest calls down the wrath of Beogh upon you.
Beogh smites you!
* * * LOW HITPOINT WARNING * * *
It was a potion of attraction.
You feel attractive to monsters.
The orc priest hits you with a +0 hand axe.
* * * LOW HITPOINT WARNING * * *
It was a potion of flight.
You feel more buoyant.
The orc priest hits you but does no damage.
Casting: Searing Ray (dangerous; 54% risk of failure)
Confirm with . or Enter, or press ? or * to list all spells.
Aiming: Searing Ray (dangerous; 54% risk of failure)
Press: ? - help, Shift-Dir - straight line, f/p - orc priest
Aim: an orc priest, wielding a +0 hand axe and wearing a +0 leather armour (severely wounded, 26% to evade)
You miscast Searing Ray.
Nothing appears to happen.
* * * LOW HITPOINT WARNING * * *
The orc priest hits you with a +0 hand axe.
You die...

##.# #.# ..# #.# .#.#
#.# ### #.# .#.# #.#
#.# .#.# #.# #.#
.#.## #.# #.# ....##
#.# #.# †.#..# # #.#
†....#
#.##.##############.#
†###.#
#.....wo@...........#
.# #.#
#......##############
.# #.# #....... .#
#.# ##....>## .###.#
#.....# .....#
####### ###### # #


You could see an orc priest and a dart slug.

Vanquished Creatures
  An orc wizard (D:3)
  Jessica (D:2)
  4 adders (D:2)
  3 gnolls (D:3)
  2 worms
  3 dart slugs
  6 orcs (D:3)
  7 ball pythons
  2 giant cockroaches
  7 goblins
  11 hobgoblins
  19 jackals
  7 oozes
  3 quokkas
  7 bats
  4 frilled lizards
  2 kobolds (D:3)
  8 rats
97 creatures vanquished.

Vanquished Creatures (collateral kills)
  A jackal (D:4)
  A quokka (D:4)
  A quokka skeleton (D:4)
3 creatures vanquished.

Vanquished Creatures (others)
  A centaur skeleton (D:4)
  A withered plant (D:3)
2 creatures vanquished.

Grand Total: 102 creatures vanquished

Notes
Turn   | Place    | Note
-------+----------+-------------------------------------------
     0 | D:5      | Lanoc the Djinni Delver began the quest for the Orb.
     0 | D:5      | Reached XP level 1. HP: 20/20 MP: 0/0
    86 | D:4      | Noticed a scorpion
   116 | D:4      | Noticed a scorpion
   167 | D:2      | Reached XP level 2. HP: 21/25 MP: 0/0
   608 | D:1      | Reached XP level 3. HP: 30/30 MP: 0/0
   608 | D:1      | Learned a level 1 spell: Corona
  1612 | D:1      | Found Ygiphel's Armour Boutique.
  1843 | D:1      | Reached XP level 4. HP: 34/35 MP: 0/0
  1944 | D:2      | Found a shadowy altar of Dithmenos.
  1954 | D:2      | Noticed Jessica
  2042 | D:2      | Killed Jessica
  2190 | D:2      | Reached XP level 5. HP: 40/41 MP: 0/0
  2190 | D:2      | Learned a level 2 spell: Searing Ray
  2307 | D:2      | Found a glowing silver altar of Zin.
  2398 | D:2      | Found a white marble altar of Elyvilon.
  3029 | D:3      | HP: 1/41 [orc/+0 hand axe (4)]
  3378 | D:3      | Found a basalt altar of Yredelemnul.
  3983 | D:3      | Reached XP level 6. HP: 47/47 MP: 0/0
  4496 | D:3      | Slain by an orc priest

Illustrated notes

Levels and vault maps discovered:
D:1:      elethiomel_arrival_shortcut, layout_basic, serial_shops, shop
D:2:      layout_rooms, old_standard_altar, zin_scriptorium,
          general_overflow_altar, uniq_jessica
D:3:      layout_loops_ring, yredelemnul_altar_generic
D:4:      layout_rooms, lemuel_doored_altar, minmay_temple_entry_butterflies,
          minmay_surrounded, uniq_ijyb
D:5:      layout_rooms, overflow_temple_1_default

Skill      XL: |  1  2  3  4  5 |
---------------+----------------+-----
Long Blades    | 3 4 |  4.5
Dodging        | 3 |  3.8
Fighting       | 4 |  4.1
Stealth        | |  4.1

Action                   |  1- 3 |  4- 6 || total
-------------------------+-------+-------++-------
Melee: Falchion          |   110 |   152 ||   262
 Cast: Searing Ray       |       |     9 ||     9
Evoke: Wand              |     3 |     1 ||     4
  Use: Potion            |       |     2 ||     2
 Stab: Sleeping          |     7 |     3 ||    10
       Distracted        |       |     1 ||     1
Armor: Leather armour    |    41 |    45 ||    86
Dodge: Dodged            |    99 |   138 ||   237
       Rpst.: Falchion   |    35 |    30 ||    65

Table legend: (Time is in decaauts)
 A = Elapsed time spent in this place.
 B = Non-inter-level travel time spent in this place.
 C = Inter-level travel time spent in this place.
 D = Time resting spent in this place.
 E = Time spent auto-exploring this place.
 F = Levels seen in this place.
 G = Mean time per level.
                   A        B        C        D        E       F      G
               +--------+--------+--------+--------+--------+-----+--------+
         Total |   4530 |   4465 |     65 |     48 |   3673 |   5 |  906.0 |
       Dungeon |   4530 |   4465 |     65 |     48 |   3673 |   5 |  906.0 |
               +--------+--------+--------+--------+--------+-----+--------+

Top non-repeatable levels by time:
     D:3: 1670 daAuts
     D:1: 1433 daAuts
     D:2: 1277 daAuts
     D:4: 103 daAuts
     D:5: 46 daAuts
